Map: Vigília Leste LE

Players

JOY

  • Race: Protoss Protoss
  • League: Bronze
  • Spawn Location: 7:00

IagoAbreu - Winner!

  • Race: Protoss Protoss
  • Spawn Location: 1:00

VOD

Have the link to the VOD?

Description

Time

  • Played on: Feb. 21, 2018, 11:18 a.m.
  • Length: 27:49
Show
View Real Time Build Order
Export as new Build Order

JOY Protoss 

Build Orders:  

Get SALT Encoding   

  12  0:02  Probe (Chrono Boost)  
  13  0:13  Probe (Chrono Boost)  
  14  0:17  Probe (Chrono Boost)  
  15  0:22  Assimilator  
  15  0:31  Pylon  
  15  0:49  Probe  
  16  1:01  Probe (Chrono Boost)  
  17  1:04  Assimilator  
  17  1:13  Probe (Chrono Boost)  
  17  1:17  Pylon  
  18  1:20  Probe (Chrono Boost)  
  18  1:23  Gateway  
  19  1:27  Probe  
  20  1:39  Probe  
  21  1:48  Forge  
  21  1:51  Probe  
  22  1:59  Gateway  
  22  2:03  Probe  
  23  2:14  Cybernetics Core  
  23  2:23  Zealot  
  25  2:45  Pylon  
  25  2:51  Zealot  
  27  2:58  Stalker  
  31  3:21  Twilight Council, Stalker (Chrono Boost)  
  31  3:28  Stalker (Chrono Boost)  
  31  3:33  Probe  
  34  3:45  Probe  
  35  3:51  Stalker (Chrono Boost)  
  35  3:57  Probe  
  35  4:02  Nexus  
  36  4:09  Probe  
  37  4:19  Stalker, Blink (Chrono Boost)  
  39  4:59  Pylon  
  39  5:03  Pylon  
  39  5:09  Pylon  
  39  5:13  Stalker x2  
  39  5:14  Probe  
  44  5:21  Probe  
  44  5:24  Probe  
  46  5:32  Probe  
  46  5:33  Probe  
  47  5:40  Probe  
  48  5:45  Probe  
  48  5:47  Assimilator  
  48  5:49  Assimilator  
  50  5:51  Stalker x2  
  50  5:52  Probe  
  50  5:58  Probe  
  46  6:04  Probe  
  46  6:06  Charge  
  46  6:10  Probe (Chrono Boost)  
  47  6:18  Probe (Chrono Boost)  
  47  6:21  Stalker  
  47  6:25  Probe (Chrono Boost)  
  50  6:29  Probe (Chrono Boost)  
  52  6:34  Probe (Chrono Boost)  
  52  6:37  Probe (Chrono Boost)  
  52  6:39  Probe (Chrono Boost)  
  53  6:44  Stargate  
  53  6:45  Probe  
  53  6:46  Stargate  
  55  6:48  Stargate, Probe  
  56  6:57  Probe  
  58  7:30  Probe (Chrono Boost)  
  60  7:38  Probe x2 (Chrono Boost)  
  60  7:43  Phoenix x3  
  66  7:44  Probe (Chrono Boost)  
  66  7:46  Probe (Chrono Boost)  
  68  7:52  Probe  
  68  7:56  Probe  
  70  7:58  Protoss Air Armor Level 1  
  70  8:04  Probe  
  71  8:08  Phoenix x3, Probe  
  78  8:37  Photon Cannon  
  78  8:39  Photon Cannon  
  78  8:40  Photon Cannon  
  78  8:49  Pylon  
  78  8:50  Photon Cannon  
  78  8:53  Photon Cannon  
  78  8:55  Pylon  
  78  9:00  Pylon  
  78  9:07  Pylon, Phoenix  
  78  9:08  Phoenix  
  78  9:09  Phoenix  
  84  9:32  Fleet Beacon, Phoenix  
  84  9:33  Phoenix  
  84  9:34  Phoenix  
  64  10:31  Stalker  
  64  10:32  Stalker  
  68  10:37  Phoenix x2  
  72  11:01  Stalker  
  72  11:02  Stalker  
  74  11:31  Stalker x2  
  69  13:00  Carrier  
  69  13:26  Carrier (Chrono Boost)  
  69  13:33  Carrier (Chrono Boost)  
  68  13:58  Pylon  
  68  14:05  Pylon  
  68  14:06  Stalker  
  68  14:07  Stalker  
  68  14:12  Pylon  
  68  14:36  Stalker x2  
  72  14:44  Carrier (Chrono Boost)  
  72  14:52  Nexus  
  78  15:06  Pylon  
  78  15:11  Pylon  
  78  15:13  Pylon  
  129  15:14  Stalker  
  79  15:24  Stalker, Carrier  
  87  15:28  Carrier  
  91  15:44  Stalker  
  93  15:54  Stalker  
  95  16:06  Probe (Chrono Boost)  
  96  16:14  Stalker  
  96  16:18  Carrier, Probe (Chrono Boost)  
  105  16:23  Probe (Chrono Boost)  
  105  16:24  Stalker  
  108  16:32  Probe  
  109  16:33  Photon Cannon  
  109  16:35  Photon Cannon  
  109  16:44  Probe  
  110  16:50  Carrier  
  116  17:11  Pylon  
  116  17:14  Pylon  
  116  17:19  Pylon  
  116  17:28  Carrier  
  122  17:49  Nexus  
  122  18:00  Assimilator  
  122  18:06  Assimilator  
  122  18:15  Probe (Chrono Boost)  
  124  18:27  Probe (Chrono Boost)  
  124  18:35  Probe (Chrono Boost)  
  124  18:40  Graviton Catapult  
  89  19:45  Robotics Facility  
  73  21:50  Nexus  
Show
View Real Time Build Order
Export as new Build Order

IagoAbreu Protoss - Winner!

Build Orders: 1 Gate Expand, Forge Fast Expand (FFE) 

Get SALT Encoding   

  12  0:12  Pylon  
  12  0:14  Probe (Chrono Boost)  
  13  0:26  Probe (Chrono Boost)  
  14  0:34  Forge  
  14  0:37  Probe  
  15  0:51  Probe  
  16  0:57  Gateway  
  16  1:09  Probe  
  17  1:27  Nexus  
  17  1:33  Assimilator  
  17  1:37  Assimilator  
  17  1:51  Cybernetics Core  
  17  1:53  Probe (Chrono Boost)  
  18  2:03  Probe (Chrono Boost)  
  18  2:08  Probe (Chrono Boost)  
  20  2:19  Probe (Chrono Boost)  
  21  2:26  Probe (Chrono Boost)  
  22  2:33  Probe  
  23  2:41  Photon Cannon  
  23  2:43  Photon Cannon  
  23  2:48  Probe (Chrono Boost)  
  24  2:52  Assimilator  
  24  2:56  Assimilator  
  25  2:58  Probe (Chrono Boost)  
  25  3:03  Probe (Chrono Boost)  
  26  3:13  Pylon  
  26  3:14  Probe  
  27  3:24  Stargate  
  27  3:29  Pylon  
  27  3:33  Stargate  
  27  3:45  Pylon  
  27  3:50  Pylon  
  27  4:12  Void Ray (Chrono Boost)  
  31  4:19  Void Ray (Chrono Boost)  
  35  4:24  Protoss Air Weapons Level 1 (Chrono Boost)  
  35  4:33  Photon Cannon  
  35  4:56  Void Ray (Chrono Boost)  
  39  5:10  Nexus  
  39  6:17  Void Ray (Chrono Boost)  
  39  6:27  Void Ray (Chrono Boost)  
  39  6:32  Stargate  
  39  6:35  Robotics Facility  
  39  6:47  Assimilator  
  39  6:49  Assimilator  
  39  6:51  Probe (Chrono Boost)  
  40  7:01  Void Ray, Probe (Chrono Boost)  
  41  7:06  Probe (Chrono Boost)  
  46  7:17  Probe (Chrono Boost)  
  47  7:29  Probe (Chrono Boost)  
  48  7:31  Void Ray  
  48  7:33  Warp Prism  
  48  7:37  Probe (Chrono Boost)  
  55  7:40  Protoss Shields Level 1 (Chrono Boost)  
  55  8:05  Void Ray  
  55  8:12  Void Ray (Chrono Boost)  
  67  8:35  Nexus  
  67  8:37  Void Ray (Chrono Boost)  
  67  9:03  Pylon  
  67  9:12  Assimilator  
  67  9:15  Assimilator  
  67  9:21  Void Ray  
  71  9:35  Void Ray  
  55  10:27  Void Ray  
  51  10:28  Protoss Air Armor Level 1 (Chrono Boost), Void Ray  
  55  11:06  Void Ray  
  55  11:09  Void Ray  
  63  11:22  Probe (Chrono Boost)  
  65  11:31  Probe (Chrono Boost)  
  65  11:32  Probe (Chrono Boost)  
  66  11:37  Probe (Chrono Boost)  
  67  11:48  Probe  
  65  12:05  Void Ray x2  
  45  13:46  Void Ray x2 (Chrono Boost)  
  45  13:47  Void Ray (Chrono Boost)  
  37  13:53  Warp Gate (Chrono Boost)  
  49  14:24  Pylon  
  49  14:25  Nexus  
  49  14:26  Pylon  
  49  14:33  Void Ray (Chrono Boost)  
  49  14:34  Void Ray (Chrono Boost)  
  49  14:35  Void Ray (Chrono Boost)  
  61  14:52  Twilight Council  
  61  14:57  Immortal  
  53  15:45  Dark Shrine  
  53  15:53  Gateway  
  53  15:54  Gateway  
  53  15:56  Gateway  
  53  15:59  Gateway  
  53  16:05  Warp Prism  
  53  16:09  Void Ray  
  53  16:10  Void Ray  
  63  16:22  Void Ray  
  67  16:34  Assimilator  
  67  16:35  Probe (Chrono Boost)  
  67  16:36  Assimilator  
  68  16:43  Probe (Chrono Boost)  
  69  17:41  Dark Templar  
  69  17:42  Dark Templar x3  
  69  17:43  Dark Templar  
  79  17:54  Void Ray (Chrono Boost)  
  79  17:55  Void Ray x2 (Chrono Boost)  
  91  18:32  Dark Templar x2  
  91  18:33  Dark Templar x3  
  77  19:29  Dark Templar x4  
  77  19:30  Dark Templar  
  59  20:51  Dark Templar x3  
  59  20:52  Dark Templar  
  65  22:56  Gateway  
  65  22:58  Gateway  
  65  23:01  Gateway x2  
  65  23:04  Gateway  
  65  23:12  Forge  
  63  23:36  Pylon  
  63  23:39  Pylon  
  63  23:40  Pylon  
  63  24:08  Photon Cannon  
  63  24:10  Photon Cannon  
  63  24:12  Photon Cannon  
  63  24:16  Photon Cannon x2  
  63  24:18  Photon Cannon  
  62  24:29  Photon Cannon  
  62  24:31  Photon Cannon  
  61  24:33  Photon Cannon  
  61  24:35  Photon Cannon  
  61  24:36  Photon Cannon  
  46  25:20  Photon Cannon  
  46  25:21  Photon Cannon  
  46  25:23  Photon Cannon x2  
  46  25:26  Photon Cannon  
  46  25:27  Pylon  
  46  25:29  Pylon  
  46  25:31  Pylon  
  46  25:54  Forge  
  46  26:07  Nexus  
  37  27:17  Pylon  
  37  27:21  Pylon  
  37  27:27  Assimilator  
  37  27:28  Pylon  
  37  27:30  Assimilator  
  37  27:43  Gateway  
Tags
 
Add a new tag
Caveats
  • Supply blocks, unpowered buildings, or Contaminate may cause inaccurate times.
  • Supply counts are checked every 10 seconds.